 Dungeon Crawl Stone Soup version 0.19-a0-1051-gdb7e7f8 (webtiles) character file.

22 Rome the Ducker (level 2, 0/14 HPs)
             Began as a Felid Chaos Knight on Aug 2, 2016.
             Succumbed to a kobold's poison
             ... on level 2 of the Dungeon.
             The game lasted 00:07:12 (762 turns).

Rome the Ducker (Felid Chaos Knight)                 Turns: 762, Time: 00:07:13

Health: 0/14       AC:  2    Str:  8    XL:     2   Next: 68%
Magic:  3/3        EV: 19    Int: 13    God:    Xom [..*...]
Gold:   54         SH:  0    Dex: 15    Spells: 0 memorised, 1 level left
                                        Lives:  0   Deaths: 0

rFire  . . .     SeeInvis +       - Unarmed
rCold  . . .     Gourm    .     (armour unavailable)
rNeg   . . .     Faith    .     (shield unavailable)
rPois  .         Spirit   .     (helmet unavailable)
rElec  +         Dismiss  .     (cloak unavailable)
rCorr  .         Reflect  .     (gloves unavailable)
SustAt .         Harm     .     (boots unavailable)
MR     +....                    (no amulet)
Stlth  ++........               (no ring)
                                (no ring)

@: lethally poisoned (0 -> -17), quick, somewhat resistant to hostile
enchantments, unstealthy
A: no armour, no weapons or thrown items, claws 1, fangs 3, rugged brown scales
1, see invisible, carnivore 3, speed 1, magic resistance 1, shaggy fur 1,
electricity resistance, slow metabolism 1, sharp paws
a: Renounce Religion


You were on level 2 of the Dungeon.
You worshipped Xom.
You were a toy of Xom.
You were not hungry.

You visited 1 branch of the dungeon, and saw 3 of its levels.

You collected 54 gold pieces.

Inventory:

Hand Weapons
 c - a cursed -3 hunting sling
Scrolls
 b - 5 scrolls of identify {unknown}
 d - a scroll of remove curse {unknown}
 g - a scroll of teleportation {unknown}
Potions
 e - a potion of flight {unknown}
Comestibles
 a - 2 meat rations
 f - a royal jelly
 h - a slice of pizza


   Skills:
 + Level 3.4 Fighting
 * Level 3.9 Dodging
 + Level 3.1 Unarmed Combat


You had one spell level left.
You didn't know any spells.

Dungeon Overview and Level Annotations

Branches:
Dungeon (3/15)

Altars:
Vehumet

Annotations:
D:3 Sigmund, Terence


Innate Abilities, Weirdness & Mutations

You cannot wear armour.
You are incapable of wielding weapons or throwing items.
You have sharp claws.
You have razor-sharp teeth.
You have supernaturally acute eyesight. (SInv)
You are carnivorous and can eat meat at any time.
You cover ground quickly.
You are covered in fur. (AC +1)
You have a slow metabolism.
Your sharp claws are effective at attacking unaware monsters.
You are partially covered in rugged brown scales. (AC +1, +3% HP)
You are resistant to hostile enchantments. (MR+)
You are resistant to electric shocks. (rElec)


Message History

You climb upwards.
You feel sick.
There is a stone staircase leading down here.
You can't go up here!
You scratch the giant gecko.
The giant gecko is severely wounded.
You feel sick. The giant gecko barely misses you.
You miss the giant gecko.
The giant gecko is severely wounded.
* * * LOW HITPOINT WARNING * * *
You feel sick. The giant gecko bites you.
* * * LOW HITPOINT WARNING * * *
The giant gecko closely misses you.
You scratch the giant gecko.
You kill the giant gecko!
* * * LOW HITPOINT WARNING * * *
You feel sick.
* * * LOW HITPOINT WARNING * * *
You feel sick.
You die...
Xom laughs nastily!

#........##.#####
##<.######.......
##.######.......
#.....##.......
#####.....<....
####....... ###
#....... #>#####
#....... #†..@.######
#.......
#.###......###.......
#.# ######...........
#.##### ##..........
#.....# ##.#........
#####.####..#........
#........##.......#
#................##
#......####......#_


There were no monsters in sight!

Vanquished Creatures
  An adder (D:3)
  2 giant geckos (D:2)
  A giant cockroach (D:2)
  A goblin (D:2)
  2 hobgoblins (D:2)
  3 bats
  A rat (D:2)
11 creatures vanquished.

Notes
Turn   | Place    | Note
-------+----------+-------------------------------------------
     0 | D:1      | Rome the Felid Chaos Knight began the quest for the Orb.
     0 | D:1      | Reached XP level 1. HP: 10/10 MP: 2/2
    82 | D:1      | You fall through a shaft!
   251 | D:2      | Reached XP level 2. HP: 14/14 MP: 3/3
   294 | D:2      | Found a radiant altar of Vehumet.
   296 | D:2      | Gained mutation: You are resistant to electric shocks. (rElec) [potion of mutation]
   296 | D:2      | Gained mutation: You are resistant to hostile enchantments. (MR+) [potion of mutation]
   296 | D:2      | Gained mutation: You are partially covered in rugged brown scales. (AC +1, +3% HP) [potion of mutation]
   668 | D:2      | XOM: divination: detect items
   723 | D:2      | XOM: harmless Ice miscast
   748 | D:3      | Noticed Sigmund
   752 | D:3      | Noticed Terence
   762 | D:2      | Succumbed to a kobold's poison

Vault maps used:
D:1:      nicolae_arrival_washed_ashore
D:2:      marbit_many_paths, first_bread
D:3:      lemuel_crystal_altar, minmay_misc_feat_doors, trog_hazing_becter,
          uniq_terence, uniq_crazy_yiuf_cottage, uniq_sigmund

Action                   || total
-------------------------++-------
Melee: Unarmed           ||    26
       Bite              ||     2
  Use: Potion            ||     3
 Stab: Sleeping          ||     1
Armor: Skin              ||     2
Dodge: Dodged            ||    29
